AoeStats
← shiunny999

Arabia

509424909Analyzed
2v2 RM · 4d ago on Sep 26, 2026· 36m 37s· 4 players
Game mode
Random Map
Map size
Medium (4 player)
Population
200
Speed
Normal
Resources
Standard
Victory
Conquest
Starting age
Dark Age
Ending age
Imperial Age
RankedLock teamsTeams togetherTeam positionsShared explorationLock speedFull tech treeHidden civsTurbo modeCheats
Victory
Defeat
🇫🇮 Mongols · Finland
1050
+14
🇫🇮 Danes · Finland
1045
+14
🇹🇼 Japanese · Taiwan
1038
-46
🇹🇼 Cumans · Taiwan
966
-31
MAX
0:39 Loom
13:40 Feudal Age
14:18 Double-Bit Axe
14:22 Horse Collar
15:46 Bloodlines
15:47 Fletching
17:34 Forging
18:00 Town Watch
19:21 Man-at-Arms
20:43 Wheelbarrow
20:23 Scale Mail Armor
23:56 Scale Barding Armor
28:19 Castle Age
26:34 Padded Archer Armor
26:33 Arson
shiunny999
12:29 Feudal Age
13:13 Loom
13:19 Double-Bit Axe
16:02 Wheelbarrow
19:21 Forging
24:49 Bloodlines
24:50 Scale Barding Armor
24:41 Gold Mining
27:16 Castle Age
27:28 Light Cavalry
28:51 Iron Casting
28:37 Chain Barding Armor
28:47 Hand Cart
28:46 Bow Saw
28:21 Horse Collar
turoturbo
10:01 Feudal Age
8:20 Loom
10:28 Double-Bit Axe
17:02 Castle Age
20:09 Horse Collar
22:27 Scale Mail Armor
25:55 Chain Mail Armor
28:43 Fletching
34:50 Arson
pantherSRJ
10:18 Feudal Age
14:32 Castle Age
13:05 Horse Collar
16:34 Double-Bit Axe
17:20 Loom
21:26 Bow Saw
23:24 Forging
23:19 Scale Barding Armor
24:31 Scale Barding Armor
27:07 Iron Casting
29:03 Chain Barding Armor
29:57 Bloodlines
34:52 Wheelbarrow
37:11 Hand Cart
Connection lost

Rejoining the realm…

Still unreachable

The connection could not be restored.

Session expired

The server has moved on; the page needs a fresh start.